 Dungeon Crawl Stone Soup version 0.31-a0-234-gad7ace16ef (webtiles) character file.

Game seed: 11640166731119170548

423 qw the Shooter (level 6, -9/52 HPs)
             Began as a Minotaur Hexslinger on July 9, 2023.
             Mangled by a large abomination (24 damage)
             ... on level 1 of the Abyss.
             The game lasted 00:00:52 (2225 turns).

qw the Shooter (Minotaur Hexslinger)                Turns: 2225, Time: 00:00:53

Health: -9/52      AC:  7    Str: 12    XL:     6   Next: 63%
Magic:  6/6        EV: 11    Int: 10    God:
Gold:   151        SH:  0    Dex: 15    Spells: 6/7 levels left

rFire   . . .        Y - +5 sling
rCold   . . .        (no shield)
rNeg    . . .        f - +0 ring mail
rPois   .            i - +2 hat
rElec   .            (no cloak)
rCorr   .            (no gloves)
SInv    .            (no boots)
Will    .....        (no amulet)
Stlth   +            (no ring)
HPRegen 0.28/turn    (no ring)
MPRegen 0.10/turn

%: no passive effects
@: no status effects
A: horns 2, retaliatory headbutt
a: no special abilities


You were on level 1 of the Abyss.
You visited 1 branch of the dungeon, and saw 3 of its levels.
You visited the Abyss 1 time.

You collected 151 gold pieces.


Innate Abilities, Weirdness & Mutations

You have a pair of horns on your head.
You reflexively headbutt those who attack you in melee.


   Skills:
 - Level 4.0 Fighting
 + Level 6.7 Ranged Weapons
 - Level 1.5 Armour
 - Level 2.1 Dodging
 - Level 1.0 Spellcasting
 - Level 2.0 Hexes


You had 6 spell levels left.
You knew the following spells:

 Your Spells              Type           Power      Damage    Failure   Level
a - Slow                  Hex            16%        N/A       32%         1

Your spell library contained the following spells:

 Spells                   Type           Power      Damage    Failure   Level
 Inner Flame              Hex/Fire       2%         N/A       83%         3
 Portal Projectile        Hex/Tloc       4%         N/A       83%         3
 Cause Fear               Hex            2%         N/A       97%         4

Inventory:

Hand Weapons
 Y - a +5 sling (weapon)
Armour
 f - a +0 ring mail (worn)
 i - a +2 hat (worn)
Scrolls
 a - 2 scrolls of teleportation {unknown}
 b - a scroll of torment {unknown}
 h - 7 scrolls of identify
Potions
 d - a potion of curing {unknown}
 e - 2 potions of ambrosia {unknown}
 g - a potion of lignification {unknown}

Dungeon Overview and Level Annotations

Branches:
Dungeon (3/15)

Altars:
Kikubaaqudgha
Nemelex Xobeh
Vehumet
Yredelemnul


Message History

This branch contains the abyssal rune of Zot.
Reactivating autopickup.
Waypoint 3 assigned to Abyss:1.
You feel less confused.
You start resting.
A large abomination comes into view.
You shoot a sling bullet.
The sling bullet hits the large abomination.
The large abomination is lightly damaged.
You shoot a sling bullet.
The sling bullet barely misses the large abomination.
You start resting.
A large abomination is nearby!
You shoot a sling bullet.
The sling bullet barely misses the large abomination.
Something hits you but does no damage.
Deactivating autopickup; reactivate with Ctrl-A.
Autopickup is now on.
You shoot a sling bullet.
The sling bullet hits the large abomination but does no damage.
The large abomination is lightly damaged.
Something hits you but does no damage.
Deactivating autopickup; reactivate with Ctrl-A.
The large abomination misses you. You furiously retaliate!
You headbutt the large abomination.
Autopickup is now on.
You shoot a sling bullet.
The sling bullet hits the large abomination but does no damage.
The large abomination is lightly damaged.
Something hits you.
Deactivating autopickup; reactivate with Ctrl-A.
The large abomination hits you but does no damage.
Autopickup is now on.
You shoot a sling bullet.
The sling bullet hits the large abomination but does no damage.
The large abomination is lightly damaged.
Something hits you.
Deactivating autopickup; reactivate with Ctrl-A.
The large abomination hits you!!
You die...

... .. ..
.# . .. ..
..
##.###.#.#.
#..........
#....}.}...
#....}....
#@X}.....
##.......
##...##
.#.. ... .#
.


You could see a large abomination.

Vanquished Creatures
  Grinder (D:3)
  An ice beast (D:3)
  2 orc wizards (D:3)
  Robin (D:3)
  An adder (D:3)
  3 dart slugs (D:1)
  4 ball pythons
  4 endoplasms
  A giant cockroach (D:1)
  7 goblins
  6 hobgoblins
  2 jackals (D:3)
  3 quokkas
  2 bats
  8 frilled lizards
  6 kobolds
  9 rats
61 creatures vanquished.

Notes
Turn   | Place    | Note
-------+----------+-------------------------------------------
     0 | D:1      | qw the Minotaur Hexslinger began the quest for the Orb.
     0 | D:1      | Reached XP level 1. HP: 16/16 MP: 1/1
     0 | D:1      | 0 ||| qw: Version: 0.3-a-51-g015441d
     0 | D:1      | 0 ||| qw: Game counter: 4257
     0 | D:1      | 0 ||| qw: Melee chars always use a shield: true
     0 | D:1      | 0 ||| qw: God list: Okawaru
     0 | D:1      | 0 ||| qw: Allow faded altars: false
     0 | D:1      | 0 ||| qw: Do Orc after clearing Dungeon:15 true
     0 | D:1      | 0 ||| qw: Do second Lair branch before Depths: true
     0 | D:1      | 0 ||| qw: Lair rune preference: random
     0 | D:1      | 0 ||| qw: Goals: Normal
     0 | D:1      | 0 ||| PLANNING D:1-11
    84 | D:1      | Reached skill level 3 in Ranged Weapons
   105 | D:1      | Reached XP level 2. HP: 23/23 MP: 2/2
   173 | D:1      | Found a faded altar of an unknown god.
   491 | D:1      | Reached XP level 3. HP: 29/29 MP: 3/3
   804 | D:1      | 804 ||| UPGRADING to +0 leather armour.
   814 | D:1      | 814 ||| DROPPING +0 robe.
   815 | D:1      | 815 ||| UPGRADING to +0 ring mail.
   825 | D:1      | 825 ||| DROPPING +0 leather armour.
   826 | D:1      | 826 ||| UPGRADING to +2 hat.
   831 | D:1      | 831 ||| READING scroll labelled HEHUHA REOPEUH.
   832 | D:1      | 832 ||| DROPPING scroll of poison.
  1009 | D:2      | Reached skill level 4 in Ranged Weapons
  1148 | D:2      | 1148 ||| READING scroll labelled LEATZYU QITHUT.
  1149 | D:2      | 1149 ||| READING scroll labelled OMOSOR JUHISOD.
  1150 | D:2      | 1150 ||| READING scroll labelled IWNADU BAMN.
  1224 | D:3      | Found a sparkling altar of Nemelex Xobeh.
  1245 | D:3      | Reached skill level 1 in Armour
  1261 | D:3      | Noticed Robin
  1264 | D:3      | Noticed Grinder
  1265 | D:3      | 1265 ||| Stepping ~*~*~tactically~*~*~ (outnumbered).
  1271 | D:3      | Killed Robin
  1272 | D:3      | Reached XP level 4. HP: 22/36 MP: 4/4
  1284 | D:3      | Paralysed by Grinder for 4 turns
  1289 | D:3      | HP: 8/36 [Grinder (5)]
  1290 | D:3      | Killed Grinder
  1291 | D:3      | Reached skill level 6 in Ranged Weapons
  1291 | D:3      | Reached XP level 5. HP: 7/41 MP: 5/5
  1291 | D:3      | Reached XP level 6. HP: 8/48 MP: 6/6
  1769 | D:3      | Noticed an ice beast
  1780 | D:3      | Killed an ice beast
  1781 | D:3      | Reached skill level 3 in Fighting
  1937 | D:3      | Found a basalt altar of Yredelemnul.
  2045 | D:3      | 2045 ||| READING 3 scrolls of enchant weapon.
  2045 | D:3      | 2045 ||| ENCHANTING +2 sling.
  2046 | D:3      | 2046 ||| READING 2 scrolls of enchant weapon.
  2046 | D:3      | 2046 ||| ENCHANTING +3 sling.
  2047 | D:3      | 2047 ||| READING scroll of enchant weapon.
  2047 | D:3      | 2047 ||| ENCHANTING +4 sling.
  2099 | D:3      | Found a radiant altar of Vehumet.
  2130 | D:3      | Found an ancient bone altar of Kikubaaqudgha.
  2149 | D:3      | HP: 9/52 [something (18)]
  2149 | D:3      | HP: 4/52 [something (5)]
  2152 | Abyss:1  | Cast into level 1 of the Abyss (orc wizard)
  2217 | Abyss:1  | Noticed a large abomination
  2225 | Abyss:1  | Mangled by a large abomination

Levels and vault maps discovered:
D:1:      dpeg_arrival_radiant, layout_basic,
          shapermc_ecumenical_altar_notcrosses, minmay_pentomino_o4
D:2:      layout_basic
D:3:      layout_loops_corners, palyth_temple_overflow_mages,
          mainiacjoe_overflow_chevrons, mainiacjoe_overflow_cross_hatched,
          uniq_grinder, uniq_robin
Abyss:1:  base: D:2, evilmike_abyss_exit_2

Skill      XL: |  1  2  3  4  5  6 |
---------------+-------------------+-----
Ranged Weapons | 3 4 6 |  6.7
Fighting       | 2 4 |  4.0
Armour         | 1 |  1.5
Dodging        | |  2.1
Spellcasting   | |  1.0
Hexes          | |  2.0

Action                     |  1- 3 |  4- 6 || total
---------------------------+-------+-------++-------
   Fire: Sling             |   121 |    70 ||   191
    Use: Scroll            |     4 |     3 ||     7
 Armour: Ring mail         |    12 |    15 ||    27
  Dodge: Dodged            |    22 |    14 ||    36

Table legend:
 A = Non-vault XP
 B = Vault XP
 C = Vault XP percentage of total XP
 D = Non-vault monster count
 E = Vault monster count
 F = Vault count percentage of total count
                 A         B        C        D         E       F
            +---------+---------+-------+---------+---------+-------
      Total |     228 |     377 |  62.3 |      48 |      13 |  21.3
            +---------+---------+-------+---------+---------+-------
        D:1 |      40 |       5 |  11.1 |      20 |       4 |  16.7
        D:2 |      24 |       0 |   0.0 |      16 |       0 |   0.0
        D:3 |     164 |     372 |  69.4 |      12 |       9 |  42.9
            +---------+---------+-------+---------+---------+-------
